 Dungeon Crawl Stone Soup version 0.26-a0-812-g31a745ddcd (webtiles) character file.

Game seed: 10001167144884241567

432 nicanaca0 the Covert (level 6, -6/30 HPs)
             Began as a Spriggan Brigand on Nov 23, 2020.
             Killed from afar by an orc wizard (11 damage)
             ... with a puff of frost
             ... on level 3 of the Dungeon.
             The game lasted 00:07:46 (4535 turns).

nicanaca0 the Covert (Spriggan Brigand)             Turns: 4535, Time: 00:07:47

Health: -6/30      AC:  2    Str:  7    XL:     6   Next: 67%
Magic:  7/7        EV: 22    Int: 13    God:
Gold:   135        SH:  0    Dex: 19    Spells: 5/5 levels left

rFire    . . .     SeeInvis +   a - +2 dagger
rCold    . . .     Faith    .   (shield restricted)
rNeg     . . .     Spirit   .   b - +0 robe
rPois    .         Reflect  .   (helmet restricted)
rElec    .         Harm     .   n - scarf {shadows}
rCorr    .         Rampage  .   (gloves unavailable)
MR       +....                  (boots unavailable)
Stlth    +++++.....             (no amulet)
HPRegen  0.10/turn              (no ring)
MPRegen  0.10/turn              (no ring)

@: very quick
A: very small, unfitting armour, see invisible, speed 3
a: no special abilities


You were on level 3 of the Dungeon.
You visited 1 branch of the dungeon, and saw 4 of its levels.

You collected 135 gold pieces.

Inventory:

Hand Weapons
 a - a +2 dagger (weapon)
 g - a +0 dagger of protection
Missiles
 d - 27 poisoned darts (quivered)
Armour
 b - a +0 robe (worn)
 c - a +0 cloak
 n - a scarf of shadows (worn)
Scrolls
 e - a scroll of blinking {unknown}
 l - 3 scrolls of teleportation {unknown}
 m - 2 scrolls of noise
 p - 2 scrolls of remove curse {@r2}
 q - a scroll of enchant weapon {unknown}
 s - a scroll of fear {unknown}
Potions
 h - a potion of invisibility
 j - a potion of magic
 k - a potion of heal wounds {@q2}
 o - a potion of flight
 r - 2 potions of mutation


   Skills:
 - Level 1.5 Fighting
 - Level 2.1 Short Blades
 - Level 2.0 Throwing
 + Level 5.8 Dodging
 * Level 10.6 Stealth


You had 5 spell levels left.
You didn't know any spells.
Your spell library was empty.

Dungeon Overview and Level Annotations

Branches:
Dungeon (4/15)
 Temple: D:4-7

Altars:
Xom


Innate Abilities, Weirdness & Mutations

You are very small and have problems with some larger weapons.
You are too small for most types of armour.
You have supernaturally acute eyesight. (SInv)
You cover ground extremely quickly.


Message History

The orc wizard is severely wounded.
The orc wizard looks satisfied for a moment.
The orc wizard gestures wildly while chanting.
The orc wizard flickers and vanishes for a moment.
You closely miss the orc wizard.
The orc wizard is severely wounded.
The orc wizard closely misses you.
You barely miss the orc wizard.
The orc wizard is severely wounded.
The orc wizard closely misses you.
You hit the orc wizard.
The orc wizard is almost dead.
The orc wizard hits you with a +0 dagger.
* * * LOW HITPOINT WARNING * * *
The orc wizard closely misses you.
You hit the orc wizard but do no damage.
The orc wizard is almost dead.
The orc wizard casts a spell at you. The puff of frost hits you!
You die...

##.......... ####
#...........
#..####...........
#....##...........
###.##..##..........
#...................
#.#.#########....#..
#...####### #.......
###@......####.#...#
##o......###.#...#
#..[......##.#.#..
#.........#....#.#
#............##..#
#.........>..##.##
#.................
##........########
#.........#.......


You could see an orc wizard (fast, invisible).

Vanquished Creatures
  A centaur (D:2)
  An orc priest (D:3)
  3 orc wizards (D:3)
  Natasha (thrice) (D:3)
  A worker ant (D:4)
  Terence (D:2)
  3 adders
  An ooze (D:3)
  6 worms
  2 leopard geckos
  9 orcs
  3 ball pythons
  4 giant cockroaches
  2 goblins
  9 hobgoblins
  2 jackals (D:1)
  A quokka (D:3)
  4 bats
  A frilled lizard (D:2)
  8 kobolds
  10 rats
75 creatures vanquished.

Notes
Turn   | Place    | Note
-------+----------+-------------------------------------------
     0 | D:1      | nicanaca0 the Spriggan Brigand began the quest for the Orb.
     0 | D:1      | Reached XP level 1. HP: 10/10 MP: 2/2
   112 | D:1      | Reached skill level 6 in Stealth
   138 | D:1      | Reached XP level 2. HP: 14/14 MP: 3/3
   622 | D:2      | Noticed Terence
   645 | D:2      | Killed Terence
   645 | D:2      | Reached skill level 7 in Stealth
   645 | D:2      | Reached XP level 3. HP: 18/18 MP: 4/4
   970 | D:2      | Noticed a centaur
   991 | D:2      | Killed a centaur
   991 | D:2      | Reached skill level 8 in Stealth
   991 | D:2      | Reached XP level 4. HP: 4/22 MP: 5/5
  1377 | D:2      | Reached XP level 5. HP: 25/25 MP: 6/6
  1938 | D:3      | Reached skill level 9 in Stealth
  2065 | D:3      | Noticed Natasha
  2077 | D:3      | Killed Natasha
  2162 | D:3      | Found a shimmering altar of Xom.
  2171 | D:3      | Noticed Natasha
  2488 | D:3      | Reached skill level 5 in Dodging
  2622 | D:3      | Reached XP level 6. HP: 13/30 MP: 7/7
  2877 | D:3      | Killed Natasha
  2877 | D:3      | Reached skill level 10 in Stealth
  2926 | D:3      | Noticed Natasha
  2941 | D:3      | HP: 1/30 [Natasha/magic dart (8)]
  2948 | D:3      | Killed Natasha
  4535 | D:3      | Killed from afar by an orc wizard

Illustrated notes

Levels and vault maps discovered:
D:1:      mainiacjoe_arrival_reflecting_pool, layout_rooms
D:2:      layout_basic, uniq_terence
D:3:      minmay_recursive_quarters, layout_rooms, xom_teletrap_fun,
          uniq_natasha
D:4:      layout_layer_cave, nicolae_underground_beach

Skill      XL: |  1  2  3  4  5  6 |
---------------+-------------------+-----
Stealth        | 6 7 8 9 10 | 10.6
Dodging        | 2 3 4 5 |  5.8
Fighting       | |  1.5
Short Blades   | |  2.1
Throwing       | |  2.0

Action                   |  1- 3 |  4- 6 || total
-------------------------+-------+-------++-------
Melee: Dagger            |    98 |   247 ||   345
Throw: Dart              |     7 |    20 ||    27
  Use: Scroll            |       |     6 ||     6
       Potion            |       |     3 ||     3
 Stab: Sleeping          |     4 |    19 ||    23
       Distracted        |     1 |     2 ||     3
Armor: Robe              |    12 |    12 ||    24
Dodge: Dodged            |    54 |   149 ||   203

Table legend: (Time is in decaauts)
 A = Elapsed time spent in this place.
 B = Non-inter-level travel time spent in this place.
 C = Inter-level travel time spent in this place.
 D = Time resting spent in this place.
 E = Time spent auto-exploring this place.
 F = Levels seen in this place.
 G = Mean time per level.
                   A        B        C        D        E       F      G
               +--------+--------+--------+--------+--------+-----+--------+
         Total |   3782 |   3690 |     92 |   1530 |   1460 |   4 |  945.5 |
       Dungeon |   3782 |   3690 |     92 |   1530 |   1460 |   4 |  945.5 |
               +--------+--------+--------+--------+--------+-----+--------+

Top non-repeatable levels by time:
     D:3: 2045 daAuts
     D:2: 1036 daAuts
     D:1: 412 daAuts
     D:4: 287 daAuts
